 Dungeon Crawl Stone Soup version 0.24.0-10-g970556be89 (console) character file.

Game seed: 2936016059040725717, levelgen mode: deterministic

89 AlterAsc the Changer (level 4, 19/25 HPs)
             Began as an Octopode Transmuter on Nov 4, 2019.
             Quit the game on level 2 of the Dungeon.
             The game lasted 00:03:40 (1011 turns).

AlterAsc the Changer (Octopode Transmuter)          Turns: 1011, Time: 00:03:40

Health: 19/25      AC:  1    Str: 10    XL:     4   Next: 55%
Magic:  8/8        EV: 13    Int: 20    God:
Gold:   66         SH:  0    Dex: 12    Spells: 2/8 levels left

rFire    . . .     SeeInvis .     - Unarmed
rCold    . . .     Gourm    .   (no shield)
rNeg     . . .     Faith    .   (helmet restricted)
rPois    .         Spirit   .   (no amulet)
rElec    .         Reflect  .   k - ring of stealth
rCorr    .         Harm     .   (no ring)
MR       .....                  (no ring)
Stlth    +++.......             (no ring)
HPRegen  0.08/turn              (no ring)
MPRegen  0.11/turn              (no ring)
                                (no ring)
                                (no ring)

@: brilliant
A: almost no armour, stealthy swim, amphibious, 8 rings, constrict 8, camouflage
1, frail 1, wild magic 1, gelatinous body 1
a: no special abilities


You were on level 2 of the Dungeon.
You were not hungry.

You visited 1 branch of the dungeon, and saw 2 of its levels.

You collected 66 gold pieces.

Inventory:

Missiles
 a - 50 arrows
Jewellery
 k - a ring of stealth (left tentacle)
Scrolls
 e - a scroll of enchant armour {unknown}
 f - a scroll of remove curse {unknown}
 h - a scroll of immolation {unknown}
 i - a scroll of identify {unknown}
Potions
 j - a potion of cancellation {unknown}
Comestibles
 c - 4 rations
 l - a chunk of flesh


   Skills:
 - Level 1.3 Fighting
 - Level 2.2 Dodging
 - Level 3.1 Unarmed Combat
 + Level 2.8 Spellcasting
 * Level 3.6 Transmutations


You had 2 spell levels left.
You knew the following spells:

 Your Spells              Type           Power        Failure   Level  Hunger
a - Beastly Appendage     Tmut           #####.       1%          1    None
b - Sticks to Snakes      Tmut           #####...     1%          2    ##.....
c - Spider Form           Tmut/Pois      ####......   3%          3    ###....

Your spell library contained the following spells:

 Spells                   Type           Power        Failure   Level  Hunger
 Ice Form                 Ice/Tmut       ####....     10%         4    ####...
 Blade Hands              Tmut           #####.....   12%         5    ######.


Dungeon Overview and Level Annotations

Branches:
Dungeon (2/15)

Altars:


Innate Abilities, Weirdness & Mutations

You cannot wear most types of armour.
You are very stealthy in the water. (Stealth+)
You are amphibious.
You can wear up to eight rings at the same time.
You can use your tentacles to constrict eight enemies at once.
Your skin changes colour to match your surroundings (Stealth+).
Your rubbery body absorbs attacks. (AC +1, EV +1)
You are frail. (-10% HP)
Your spells are a little harder to cast, but a little more powerful.


Message History

You are more poisoned.
The adder poisons you! The adder bites you.
You tentacle-slap the adder.
The adder is almost dead.
You constrict the adder.
You kill the adder!
* * * LOW HITPOINT WARNING * * *
You feel sick.
Unknown command.
There is a lethal amount of poison in your body!
It was a potion of brilliance.
You feel clever all of a sudden.
It was a potion of mutation.
You feel extremely strange.
You feel frail.
You feel less in control of your magic.
* * * LOW HITPOINT WARNING * * *
You feel sick.
It was a potion of curing.
You feel better.
Quiver which item? (- for none, * to show all) (? for menu, Esc to quit)
Okay, then.
Are you sure you want to abandon this character and quit the game? (Confirm with "yes".)

#...# ##...# ..... #...#
#.# #.# #...##.### #.#
#.# #..$..... ... #.#
###.†##.######.# #.#
#...@....... ..# #^#
#.##.##.#### #.# #.#
###.##.##.######.####.#
...........#............
................#.####.#
........##.#.##.#.# #.#
#.##.......#.##.#.# #.#
# #######.#.##.#.# #.#
#.#......# #.#


There were no monsters in sight!

Vanquished Creatures
  Terence (D:2)
  3 adders (D:2)
  An ooze (D:1)
  A dart slug (D:1)
  7 bats (D:1)
  2 giant cockroaches
  7 goblins
  2 hobgoblins
  5 kobolds
  A quokka (D:2)
  3 frilled lizards (D:1)
  6 rats (D:1)
39 creatures vanquished.

Notes
Turn   | Place    | Note
-------+----------+-------------------------------------------
     0 | D:1      | AlterAsc the Octopode Transmuter began the quest for the
                  | Orb.
     0 | D:1      | Reached XP level 1. HP: 13/13 MP: 3/3
   106 | D:1      | Reached XP level 2. HP: 18/18 MP: 5/5
   344 | D:1      | Reached XP level 3. HP: 23/23 MP: 4/6
   752 | D:2      | Noticed Terence
   762 | D:1      | Learned a level 2 spell: Sticks to Snakes
   766 | D:1      | Learned a level 3 spell: Spider Form
   855 | D:2      | Killed Terence
   855 | D:2      | Reached XP level 4. HP: 22/28 MP: 0/8
  1009 | D:2      | Gained mutation: You are frail. (-10% HP) [potion of
                  | mutation]
  1009 | D:2      | Gained mutation: Your spells are a little harder to cast,
                  | but a little more powerful. [potion of mutation]
  1011 | D:2      | Quit the game

Levels and vault maps discovered:
D:1:      elethiomel_arrival_quiet, layout_basic
D:2:      layout_basic, lemuel_round_altar, lemuel_crystal_altar,
          minmay_stone_trees_small, uniq_terence, uniq_robin

Skill      XL: |  1  2  3 |
---------------+----------+-----
Transmutations | 3 |  3.6
Fighting       | |  1.3
Dodging        | |  2.2
Unarmed Combat | |  3.1
Spellcasting   | |  2.8

Action                   |  1- 3 |  4- 6 || total
-------------------------+-------+-------++-------
Melee: Unarmed           |    80 |    16 ||    96
       Constrict         |    25 |     4 ||    29
       Tentacles         |    18 |     4 ||    22
       Kick              |     3 |       ||     3
       Punch             |     1 |       ||     1
 Cast: Beastly Appendage |     3 |       ||     3
       Sticks to Snakes  |     2 |       ||     2
  Use: Potion            |       |     3 ||     3
 Stab: Sleeping          |     4 |       ||     4
  Eat: Chunk             |       |     1 ||     1
Armor: Skin              |    11 |       ||    11
Dodge: Dodged            |    44 |    10 ||    54
